 Dungeon Crawl Stone Soup version 0.28.0-43-g3370ac3207 (webtiles) character file.

Game seed: 13357242082432087727

45 vvl the Poker (level 3, 0/29 HPs)
             Began as a Merfolk Fighter on Mar 9, 2022.
             Slain by an adder (4 damage)
             ... on level 2 of the Dungeon.
             The game lasted 00:02:32 (1193 turns).

vvl the Poker (Merfolk Fighter)                     Turns: 1193, Time: 00:02:32

Health: 0/29       AC:  6    Str: 16    XL:     3   Next: 64%
Magic:  4/4        EV:  9    Int:  9    God:
Gold:   54         SH:  4    Dex: 13    Spells: 3/3 levels left

rFire   . . .      SeeInvis .   a - +0 trident
rCold   . . .      Faith    .   c - +0 buckler
rNeg    . . .      Spirit   .   b - +0 scale mail
rPois   .          Reflect  .   (no helmet)
rElec   .          Harm     .   (no cloak)
rCorr   .          Rampage  .   (no gloves)
Will    .....                   (no boots)
Stlth   ..........              (no amulet)
HPRegen 0.09/turn               (no ring)
MPRegen 0.09/turn               (no ring)

@: lethally poisoned (0 -> -1)
A: (nimble swimmer 2), mertail
a: no special abilities


You were on level 2 of the Dungeon.
You visited 1 branch of the dungeon, and saw 2 of its levels.

You collected 54 gold pieces.

Inventory:

Hand Weapons
 a - a +0 trident (weapon)
Armour
 b - a +0 scale mail (worn)
 c - a +0 buckler (worn)
Wands
 i - a wand of polymorph (10)
Scrolls
 e - 2 scrolls of teleportation {unknown}
 g - 3 scrolls of identify {unknown}
Potions
 d - a potion of might
 f - a potion of cancellation {unknown}
 h - a potion of heal wounds {unknown}


   Skills:
 + Level 3.4 Fighting
 * Level 3.6 Polearms
 + Level 2.3 Armour
 + Level 1.1 Dodging
 + Level 3.1 Shields
 + Level 0.8 Spellcasting
 + Level 0.7 Summonings
 + Level 0.4 Necromancy
 + Level 0.6 Poison Magic


You had 3 spell levels left.
You didn't know any spells.
Your spell library was empty.

Dungeon Overview and Level Annotations

Branches:
Dungeon (2/15)

Altars:


Innate Abilities, Weirdness & Mutations

((You are very nimble when in or above water. (Stealth+, EV+, Speed+++)))
Your lower body shifts to a powerful aquatic tail in water.


Message History

You feel sick. The adder bites you but does no damage.
You closely miss the adder.
The adder is lightly wounded.
You feel sick. You block the adder's attack. The endoplasm freezes you.
You are frozen.
The adder bites you.
You barely miss the adder.
The adder is lightly wounded.
You feel sick. The adder bites you.
The endoplasm hits you but does no damage.
You are too injured to fight recklessly!
You are too injured to fight recklessly!
You feel sick. The adder bites you.
You feel sick.
You feel sick.
You are no longer poisoned.
Reach: a) +0 trident
Press: ? - help, Dir - move target, f/p - adder
Aim: an adder (lightly wounded, about 62% to evade your +0 trident)
The endoplasm is in the way.
You puncture the endoplasm!
You kill the endoplasm!
You barely miss the adder.
The adder is lightly wounded.
The adder bites you.
You are poisoned.
The adder poisons you! The adder bites you but does no damage.
You miss the adder.
The adder is lightly wounded.
You feel sick. The adder closely misses you.
You closely miss the adder.
The adder is lightly wounded.
You feel sick. You block the adder's attack. The adder barely misses you.
You closely miss the adder.
The adder is lightly wounded.
You feel sick. You block the adder's attack.
Unknown command.
You closely miss the adder.
The adder is lightly wounded.
You feel sick. The adder closely misses you. The adder bites you.
You die...

##. #.##.#
....#..#.#
#.......###
#......### #
#..#.#...### .
....##.......# #
#.... #.###.#.####
# ...#.
#S###......### #
.. #. #.@.##..#
....## # . #
###.....## #...##
####...##### #..#
##......# #.<
#.#####...#.######
#.........†...#
########.#)...####
#..##..#...
##.##....#


You could see an adder.

Vanquished Creatures
  2 adders (D:2)
  4 endoplasms
  4 giant cockroaches
  2 hobgoblins (D:2)
  A quokka (D:1)
  3 ball pythons
  A bat (D:1)
  3 goblins
  2 kobolds (D:1)
  4 rats (D:1)
26 creatures vanquished.

Notes
Turn   | Place    | Note
-------+----------+-------------------------------------------
     0 | D:1      | vvl the Merfolk Fighter began the quest for the Orb.
     0 | D:1      | Reached XP level 1. HP: 18/18 MP: 1/1
   208 | D:1      | Found a faded altar of an unknown god.
   252 | D:1      | Reached XP level 2. HP: 21/24 MP: 2/2
   709 | D:2      | Reached XP level 3. HP: 21/29 MP: 3/3
   961 | D:2      | Reached skill level 1 in Dodging
  1193 | D:2      | Slain by an adder

Illustrated notes

Levels and vault maps discovered:
D:1:      minmay_arrival_solitary_statue, layout_basic,
          dilly_ecumenical_altar_fadedgnrine, minmay_misc_feat_columns,
          minmay_misc_feat_tiny
D:2:      layout_rooms, basic_altar, minmay_tetromino_l4

Skill      XL: |  1  2  3 |
---------------+----------+-----
Dodging        | 1 |  1.1
Fighting       | |  3.4
Polearms       | |  3.6
Armour         | |  2.3
Shields        | |  3.1
Spellcasting   | |  0.8
Summonings     | |  0.7
Necromancy     | |  0.4
Poison Magic   | |  0.6

Action                   || total
-------------------------++-------
Melee: Trident           ||    78
Armor: Scale mail        ||    26
Dodge: Dodged            ||    23
Block: Buckler           ||    14
